Map: Ice and Chrome LE

Players

LiquidClem (Clem) - Winner!

  • Race: Terran Terran
  • League: Master
  • Spawn Location: 7:00

LiquidMaNa (MaNa)

  • Race: Protoss Protoss
  • League: Grandmaster
  • Spawn Location: 1:00

Event: DreamHack SC2 Masters 2020 Summer Europe

VOD

Have the link to the VOD?

Description

Time

  • Played on: July 7, 2020, 10:39 a.m.
  • Length: 10:38

All games in this series

Show
View Real Time Build Order
Export as new Build Order

LiquidClem Terran - Winner!

Build Orders:  

Get SALT Encoding   

  12  0:00  SCV  
  13  0:12  SCV  
  14  0:16  Supply Depot  
  14  0:24  SCV  
  15  0:38  SCV, Barracks  
  16  0:43  Refinery  
  16  0:50  SCV  
  17  1:02  SCV  
  18  1:14  SCV  
  20  1:25  Reaper  
  20  1:26  Orbital Command  
  20  1:39  Command Center  
  20  1:47  Supply Depot  
  20  1:52  SCV  
  21  1:57  Marine  
  22  2:06  Bunker  
  22  2:11  Factory  
  22  2:14  SCV  
  23  2:20  Barracks Reactor  
  23  2:24  Refinery  
  23  2:26  SCV  
  24  2:38  SCV  
  25  2:50  SCV  
  26  2:51  Orbital Command  
  26  2:55  Hellion  
  26  2:57  Marine x2  
  26  2:58  Starport  
  30  3:02  SCV  
  31  3:14  SCV  
  31  3:15  Marine x2  
  34  3:22  Factory Tech Lab  
  34  3:23  SCV  
  34  3:27  SCV  
  35  3:33  Marine x2  
  35  3:35  SCV  
  35  3:39  SCV  
  37  3:44  Raven  
  37  3:46  Factory Tech Lab  
  37  3:47  Bunker, SCV  
  40  3:51  Supply Depot, SCV  
  40  3:53  Marine x2  
  43  3:57  Barracks  
  43  4:00  SCV  
  44  4:03  SCV  
  44  4:06  Barracks  
  45  4:13  Siege Tank, SCV  
  45  4:15  SCV  
  50  4:17  Supply Depot  
  50  4:20  Marine  
  50  4:22  Marine  
  52  4:27  Engineering Bay, SCV  
  52  4:29  SCV  
  54  4:34  Refinery, Supply Depot  
  54  4:38  Marine  
  54  4:40  Marine, SCV  
  54  4:41  SCV  
  58  4:46  Siege Tank  
  58  4:51  Stimpack  
  58  4:52  SCV  
  62  4:56  SCV  
  62  4:57  Marauder, Supply Depot  
  65  5:00  Supply Depot, Barracks Tech Lab  
  65  5:04  Marine x2  
  65  5:06  SCV  
  68  5:07  Starport Reactor  
  68  5:09  Refinery, SCV  
  69  5:14  Terran Infantry Weapons Level 1  
  69  5:16  Supply Depot  
  69  5:19  SCV  
  70  5:21  Marauder, SCV  
  70  5:26  Marine x2  
  70  5:27  Supply Depot  
  75  5:29  Marauder  
  75  5:32  Combat Shield  
  75  5:34  SCV  
  75  5:35  SCV  
  78  5:38  Supply Depot  
  78  5:43  Marauder  
  78  5:44  Marine x2  
  82  5:50  Marauder  
  82  5:54  Supply Depot  
  82  5:55  Medivac  
  82  5:56  Medivac  
  88  6:02  Marine x2  
  90  6:04  Supply Depot  
  90  6:05  Marauder  
  92  6:11  Siege Tank  
  92  6:16  Marauder  
  97  6:19  Command Center  
  97  6:22  Supply Depot  
  97  6:23  Marine  
  97  6:24  Marine  
  99  6:29  Supply Depot  
  99  6:30  Marauder  
  100  6:39  Barracks  
  101  6:40  Marauder, SCV  
  101  6:41  Barracks  
  101  6:42  Marine x2  
  101  6:44  SCV  
  105  6:48  Siege Tank  
  108  6:55  Marauder  
  108  6:57  Medivac  
  108  7:00  Medivac  
  116  7:01  Marauder  
  116  7:03  Marine x2  
  116  7:07  SCV  
  112  7:11  SCV  
  108  7:16  Marauder  
  108  7:19  SCV  
  108  7:21  Marine, Terran Infantry Armor Level 1  
  114  7:22  Marauder  
  114  7:25  Siege Tank  
  114  7:26  Marine  
  114  7:27  SCV  
  117  7:33  Barracks Tech Lab  
  117  7:34  SCV x2  
  119  7:38  Marauder  
  119  7:39  Marine  
  119  7:43  Barracks Reactor  
  119  7:44  Marauder  
  123  7:45  SCV  
  123  7:48  Orbital Command  
  123  7:49  SCV, Medivac  
  127  7:52  Medivac  
  127  7:53  Marine  
  127  7:54  Marauder  
  127  7:57  SCV  
  133  7:58  Concussive Shells  
  133  7:59  Supply Depot  
  133  8:00  Marine  
  133  8:03  Marauder, SCV  
  126  8:06  Marauder  
  126  8:09  SCV  
  126  8:12  Siege Tank  
  129  8:14  Marine  
  129  8:15  Marine  
  131  8:20  Marine  
  131  8:21  SCV  
  131  8:22  SCV  
  131  8:24  Marauder  
  131  8:25  SCV  
  137  8:27  Marauder, Marine, Missile Turret  
  137  8:34  Marauder, SCV  
  143  8:35  Marine x2  
  143  8:36  Missile Turret  
  143  8:41  Marine, Medivac  
  147  8:44  Siege Tank, Supply Depot  
  147  8:45  Refinery  
  147  8:46  Refinery, SCV  
  147  8:47  Marine x2  
  154  8:50  Marauder  
  154  8:55  Marine x2  
  157  8:57  SCV  
  157  9:00  Marauder  
  160  9:05  Supply Depot  
  160  9:06  Marine x2  
  160  9:07  Marauder  
  164  9:12  Marauder  
  164  9:13  Marine x2  
  164  9:16  Siege Tank  
  163  9:17  Medivac  
  163  9:20  SCV  
  163  9:21  Marauder  
  156  9:25  Marine x2, Barracks  
  156  9:26  Barracks  
  156  9:29  Marauder  
  153  9:34  Barracks  
  153  9:35  Ghost Academy  
  153  9:36  Marine x2  
  148  9:38  Marine  
  148  9:40  SCV  
  136  9:47  Marauder, Marine x2  
  136  9:50  Siege Tank, Marauder  
  142  9:53  Marine  
  142  9:55  Marine  
  142  9:56  Marine  
  145  10:01  Command Center  
  145  10:06  Marine x2  
  147  10:09  Marauder  
  147  10:13  Barracks Tech Lab x2  
  151  10:17  Marine x2  
  151  10:19  SCV x3  
  151  10:20  Marine  
Show
View Real Time Build Order
Export as new Build Order

LiquidMaNa Protoss 

Build Orders: 1 Gate Expand, Blink Stalkers, Chargelot Immortal 

Get SALT Encoding   

  12  0:00  Probe  
  13  0:12  Probe  
  14  0:17  Pylon  
  14  0:23  Probe  
  15  0:31  Probe  
  15  0:38  Gateway  
  15  0:39  Probe  
  16  0:46  Assimilator  
  17  0:51  Probe  
  18  1:03  Probe  
  19  1:15  Probe  
  20  1:22  Nexus  
  20  1:31  Cybernetics Core  
  20  1:35  Probe  
  21  1:40  Assimilator  
  22  1:47  Probe  
  22  1:51  Pylon  
  22  1:59  Adept, Probe  
  23  2:08  Warp Gate  
  23  2:11  Probe  
  26  2:23  Probe  
  26  2:24  Twilight Council  
  26  2:33  Stalker, Probe  
  26  2:35  Probe  
  29  2:41  Probe  
  29  2:43  Probe  
  30  2:49  Probe  
  32  2:52  Probe  
  34  3:01  Probe  
  34  3:04  Probe  
  35  3:08  Blink  
  35  3:14  Probe  
  35  3:16  Probe  
  37  3:26  Probe  
  37  3:28  Probe  
  37  3:30  Stalker  
  40  3:37  Probe  
  40  3:40  Gateway  
  40  3:41  Probe, Pylon  
  41  3:42  Robotics Facility  
  41  3:45  Probe  
  42  3:49  Probe  
  42  3:53  Probe  
  44  3:59  Probe  
  46  4:04  Probe  
  46  4:08  Sentry, Pylon  
  49  4:11  Probe  
  49  4:15  Nexus  
  51  4:17  Probe  
  51  4:23  Observer, Probe  
  52  4:27  Pylon  
  52  4:29  Probe  
  52  4:30  Assimilator  
  54  4:32  Stalker  
  54  4:36  Stalker  
  54  4:37  Probe  
  59  4:40  Pylon  
  59  4:43  Observer  
  61  4:49  Gateway, Probe  
  61  4:51  Gateway  
  61  4:53  Probe  
  62  5:00  Stalker x2  
  62  5:02  Probe  
  62  5:05  Probe  
  68  5:13  Pylon  
  68  5:14  Probe  
  68  5:17  Immortal, Probe  
  68  5:19  Observer  
  68  5:20  Charge  
  74  5:22  Protoss Ground Armor Level 1  
  74  5:23  Forge  
  74  5:29  Probe x2  
  74  5:30  Probe  
  77  5:42  Gateway x2  
  77  5:50  Gateway  
  77  5:51  Gateway, Probe x2  
  77  5:52  Probe  
  80  5:58  Shield Battery  
  80  6:02  Stalker  
  80  6:03  Stalker  
  84  6:09  Immortal  
  88  6:11  Observer  
  88  6:16  Stalker x2  
  92  6:22  Pylon  
  92  6:23  Pylon  
  92  6:27  Zealot x2  
  92  6:28  Pylon  
  96  6:36  Photon Cannon  
  96  6:38  Pylon  
  96  6:40  Zealot  
  96  6:41  Zealot x2  
  96  6:42  Zealot  
  104  6:49  Templar Archives  
  104  6:51  Zealot  
  104  6:52  Zealot x2  
  110  6:56  Zealot  
  110  7:01  Immortal  
  108  7:10  Zealot x4  
  108  7:14  Sentry x3  
  108  7:16  Probe  
  108  7:17  Probe  
  108  7:19  Protoss Ground Armor Level 2  
  110  7:23  Zealot  
  110  7:32  Zealot x4  
  110  7:36  Forge  
  117  7:45  Stalker x2, Zealot x2  
  117  7:48  Shield Battery  
  125  7:52  Probe  
  126  8:04  Warp Prism  
  126  8:05  Probe x2  
  116  8:06  Probe  
  116  8:09  Stalker x2, Assimilator  
  116  8:10  Zealot  
  122  8:13  Protoss Ground Weapons Level 1  
  122  8:17  Probe x2  
  122  8:18  Probe  
  122  8:21  Assimilator  
  122  8:25  Psionic Storm  
  122  8:27  Assimilator  
  122  8:29  Probe  
  123  8:45  Zealot x2  
  123  8:46  Zealot  
  129  8:49  Nexus  
  129  8:50  Pylon  
  129  8:56  Zealot x2  
  129  9:01  Pylon  
  133  9:03  Pylon  
  133  9:09  Probe  
  132  9:10  High Templar x3  
  132  9:16  Archon  
  129  9:18  Zealot x2  
  129  9:19  Zealot x3  
  129  9:21  Probe  
  104  9:33  Immortal  
  94  9:43  Zealot x8  
  94  9:45  Probe  
  93  9:48  Probe x2  
  93  9:57  Probe  
  94  10:00  Probe x2  
  94  10:01  Shield Battery  
  94  10:04  High Templar x3  
  94  10:05  Zealot  
  104  10:09  Probe  
  105  10:14  Zealot x4  
  103  10:25  Archon  
  103  10:27  Zealot  
Tags
 
Add a new tag
Caveats
  • Supply blocks, unpowered buildings, or Contaminate may cause inaccurate times.
  • Supply counts are checked every 10 seconds.